Map: [TLMC21] 10000 Feet

Players

ArT - Winner!

  • Race: Protoss Protoss
  • Spawn Location: 5:00

SpeCial

  • Race: Terran Terran
  • League: Grandmaster
  • Spawn Location: 11:00

VOD

Have the link to the VOD?

Description

Time

  • Played on: Oct. 12, 2025, 2:09 p.m.
  • Length: 12:42
Show
View Real Time Build Order
Export as new Build Order

ArT Protoss - Winner!

Build Orders: 1 Gate Expand, Blink Stalkers 

Get SALT Encoding   

  12  0:00  Probe  
  13  0:12  Probe  
  14  0:17  Pylon  
  14  0:23  Probe  
  15  0:31  Probe  
  15  0:36  Gateway  
  15  0:39  Probe  
  16  0:45  Assimilator  
  17  0:51  Probe  
  18  1:03  Probe  
  19  1:15  Probe  
  20  1:23  Cybernetics Core  
  20  1:27  Probe  
  21  1:35  Nexus  
  21  1:42  Pylon  
  21  1:45  Probe  
  22  1:52  Stalker, Assimilator  
  22  1:57  Probe  
  25  2:04  Warp Gate  
  25  2:09  Probe  
  25  2:15  Shield Battery  
  26  2:18  Sentry  
  26  2:22  Probe  
  29  2:34  Probe  
  29  2:41  Shield Battery  
  29  2:46  Probe  
  29  2:47  Twilight Council  
  29  2:49  Probe  
  31  2:56  Blink  
  31  2:58  Probe  
  32  3:01  Gateway, Probe  
  33  3:10  Probe, Stalker  
  34  3:13  Probe  
  36  3:20  Probe  
  36  3:25  Probe  
  38  3:28  Probe  
  39  3:36  Probe  
  39  3:37  Probe  
  39  3:39  Pylon  
  41  3:48  Probe  
  41  3:49  Robotics Facility  
  41  3:51  Probe  
  41  3:55  Stalker  
  45  3:57  Stalker  
  47  4:03  Probe  
  47  4:04  Probe  
  49  4:15  Probe  
  49  4:16  Probe  
  50  4:27  Probe  
  50  4:29  Probe  
  50  4:31  Nexus  
  52  4:32  Pylon, Assimilator  
  52  4:34  Stalker  
  54  4:41  Gateway  
  54  4:47  Pylon  
  54  4:49  Gateway  
  54  4:50  Observer  
  55  4:52  Shield Battery  
  55  4:58  Stalker  
  57  5:00  Stalker  
  57  5:02  Probe  
  57  5:04  Probe  
  61  5:07  Observer, Charge  
  61  5:12  Pylon  
  62  5:14  Probe  
  62  5:19  Probe  
  62  5:20  Forge  
  64  5:22  Protoss Ground Weapons Level 1  
  64  5:23  Stalker  
  64  5:25  Observer  
  67  5:29  Stalker  
  67  5:31  Probe  
  67  5:35  Probe  
  68  5:43  Probe x2  
  68  5:45  Stalker  
  68  5:48  Probe  
  70  5:55  Probe x2  
  72  6:01  Probe  
  73  6:07  Probe  
  73  6:09  Gateway x2  
  74  6:16  Zealot x3  
  80  6:20  Gateway  
  80  6:24  Gateway  
  80  6:28  Zealot  
  80  6:31  Probe  
  80  6:32  Probe, Pylon  
  84  6:33  Probe  
  84  6:39  Zealot x2  
  89  6:41  Zealot  
  89  6:43  Probe  
  89  6:44  Probe  
  93  6:51  Pylon  
  93  6:52  Pylon  
  93  6:53  Sentry  
  95  6:54  Probe, Pylon  
  96  7:01  Zealot x2  
  96  7:05  Warp Prism  
  96  7:07  Zealot x3  
  100  7:11  Probe  
  100  7:14  Protoss Ground Weapons Level 2  
  83  7:21  Robotics Bay  
  73  7:23  Sentry  
  73  7:24  Zealot x2  
  73  7:27  Assimilator  
  79  7:30  Zealot  
  79  7:36  Zealot  
  79  7:37  Zealot x2  
  87  7:45  Zealot x3  
  93  7:52  Zealot x2  
  97  7:59  Colossus  
  97  8:02  Zealot x3  
  95  8:08  Zealot x3  
  93  8:15  Zealot x2  
  91  8:21  Extended Thermal Lance  
  85  8:27  Zealot x3  
  85  8:28  Zealot x3  
  85  8:32  Probe  
  98  8:34  Colossus  
  98  8:45  Zealot x2  
  98  8:48  Zealot x3  
  114  9:05  Nexus  
  114  9:07  Pylon  
  110  9:11  Stalker x2  
  110  9:12  Zealot, Colossus  
  116  9:20  Zealot x2  
  112  9:28  Pylon  
  112  9:29  Robotics Facility  
  118  9:35  Zealot x2, Sentry  
  123  9:40  Protoss Ground Weapons Level 3  
  123  9:43  Pylon  
  123  9:44  Probe x2  
  123  9:45  Stalker  
  127  9:57  Zealot x3  
  133  10:03  Warp Prism  
  133  10:06  Zealot  
  132  10:07  Zealot x3  
  116  10:25  Stalker x4  
  118  10:28  Sentry x2  
  118  10:33  Dark Shrine  
  122  10:41  Observer  
  123  10:44  Probe x3  
  123  10:45  Disruptor  
  123  10:48  Zealot x3  
  123  10:49  Zealot x3  
  142  10:58  Disruptor  
  146  11:09  Zealot x5  
  146  11:11  Zealot  
  158  11:14  Disruptor  
  158  11:16  Probe  
  157  11:23  Disruptor  
  146  11:33  Stalker x5  
  146  11:35  Pylon  
  146  11:36  Pylon  
  160  11:44  Immortal  
  158  11:49  Dark Templar  
  160  11:54  Zealot x2  
  160  11:59  Zealot x5  
  174  12:13  Pylon  
  174  12:15  Pylon  
  174  12:18  Gateway  
  174  12:20  Gateway  
  164  12:22  Zealot  
  164  12:23  Zealot x3  
  164  12:28  Zealot x3  
  160  12:32  Zealot  
Show
View Real Time Build Order
Export as new Build Order

SpeCial Terran 

Build Orders:  

Get SALT Encoding   

  12  0:00  SCV  
  13  0:12  SCV  
  14  0:17  Supply Depot  
  14  0:24  SCV  
  15  0:39  SCV  
  15  0:40  Barracks  
  16  0:43  Refinery  
  16  0:51  SCV  
  16  0:53  Refinery  
  17  1:03  SCV  
  18  1:15  SCV  
  19  1:28  Reaper, Orbital Command  
  20  1:41  Supply Depot  
  20  1:43  Factory  
  20  1:55  SCV  
  20  2:00  Reaper  
  22  2:07  SCV  
  23  2:18  Command Center  
  23  2:27  Hellion  
  25  2:33  Barracks Reactor  
  25  2:36  SCV  
  26  2:41  Starport  
  26  2:48  SCV  
  26  2:49  Supply Depot  
  26  2:50  Hyperflight Rotors  
  26  2:51  Factory Tech Lab  
  27  3:00  SCV  
  28  3:12  SCV  
  29  3:16  Marine  
  29  3:17  Marine  
  31  3:24  SCV  
  31  3:26  Banshee  
  35  3:30  Orbital Command  
  35  3:36  SCV  
  35  3:38  Barracks  
  35  3:40  Marine  
  37  3:44  Marine  
  38  3:51  SCV, Factory Tech Lab  
  39  3:56  SCV  
  39  3:58  Marine  
  39  4:02  Marine  
  42  4:03  SCV  
  42  4:06  Barracks  
  44  4:10  SCV  
  44  4:15  SCV  
  44  4:16  Banshee, Marine  
  48  4:22  SCV  
  46  4:25  Bunker, Marine  
  46  4:27  SCV  
  48  4:33  Marine  
  48  4:34  Stimpack, SCV, Marine  
  48  4:37  Supply Depot  
  51  4:40  Factory Reactor, SCV  
  51  4:45  Engineering Bay  
  52  4:46  Refinery  
  52  4:47  SCV  
  52  4:52  SCV  
  54  4:58  Marine x2  
  54  4:59  SCV  
  57  5:04  SCV  
  57  5:05  Supply Depot  
  62  5:07  Marauder x2  
  62  5:11  Terran Infantry Weapons Level 1  
  62  5:12  Refinery  
  62  5:14  Combat Shield  
  62  5:27  SCV x2  
  62  5:28  Factory Reactor, Supply Depot  
  64  5:29  Marine x2  
  64  5:32  Marauder  
  68  5:36  Marauder  
  70  5:46  Supply Depot  
  70  5:49  SCV x2, Marine x2  
  74  5:50  Medivac x2  
  74  5:55  Marauder  
  77  5:58  Supply Depot  
  77  6:02  SCV  
  78  6:07  Marine x2  
  78  6:08  SCV, Marauder, Supply Depot  
  83  6:14  SCV  
  83  6:15  Widow Mine, Concussive Shells  
  86  6:20  Widow Mine  
  86  6:23  Medivac x2  
  86  6:25  Marine x2  
  89  6:30  Marauder  
  89  6:31  Supply Depot, Marauder  
  95  6:39  Command Center  
  95  6:42  Widow Mine x2  
  98  6:55  Barracks, Marine x2  
  98  6:57  Barracks  
  98  7:00  Marauder x2  
  104  7:03  Widow Mine  
  104  7:05  SCV  
  104  7:06  Terran Infantry Armor Level 1  
  97  7:11  Medivac x2  
  97  7:12  SCV  
  97  7:14  Marine x2  
  93  7:17  SCV  
  93  7:21  Marauder  
  91  7:23  Marauder  
  91  7:24  SCV  
  91  7:26  Widow Mine  
  96  7:31  SCV  
  96  7:32  Marine x2  
  96  7:34  Supply Depot  
  96  7:36  SCV  
  100  7:40  Widow Mine  
  100  7:43  Barracks Reactor, Barracks Tech Lab  
  102  7:45  SCV  
  102  7:48  SCV  
  102  7:49  Marine  
  102  7:50  Marine  
  106  7:55  Marauder  
  106  8:04  Viking x2  
  106  8:07  SCV, Marauder, Marine x2  
  99  8:13  SCV x2  
  99  8:16  Widow Mine x2  
  98  8:23  Marine  
  98  8:25  Marauder x2, Marine x2  
  98  8:26  SCV  
  102  8:28  Orbital Command  
  102  8:34  Medivac x2  
  106  8:42  Marine x2  
  106  8:43  Marauder, Marine x2  
  106  8:46  Marauder  
  114  8:52  Armory  
  114  8:54  Ghost Academy  
  112  8:56  Marauder  
  112  9:00  Marine x2  
  112  9:01  Marine x2  
  114  9:04  Medivac x2  
  114  9:05  Marauder  
  114  9:06  Widow Mine x2  
  114  9:07  Marine  
  125  9:12  Orbital Command  
  120  9:17  Marauder  
  120  9:18  Marine x2  
  120  9:19  Marine  
  122  9:25  Marine  
  123  9:33  Marauder  
  123  9:36  Marine x3  
  132  9:40  Viking  
  132  9:44  Viking  
  134  9:47  Bunker  
  134  9:48  Terran Infantry Weapons Level 2  
  134  9:55  Marine x3  
  134  9:57  Marine  
  139  10:00  SCV x3, Unknown  
  139  10:02  Supply Depot  
  137  10:11  Marine x2  
  137  10:12  SCV, Marauder  
  137  10:13  SCV x2  
  107  10:24  SCV  
  107  10:25  SCV  
  107  10:26  Marine x2  
  108  10:30  Marauder  
  108  10:31  Viking  
  108  10:32  Viking  
  113  10:38  Marine x2  
  115  10:44  Marine  
  115  10:45  Marauder, Marine x2  
  120  10:51  Marine  
  120  10:55  Supply Depot  
  120  10:56  Marine x2  
  125  11:02  Supply Depot, Marine x2  
  125  11:04  Viking x2  
  125  11:08  Marauder x2  
  133  11:12  Marauder  
  133  11:14  Marine x2  
  136  11:20  Marine  
  136  11:23  Marine  
  129  11:29  Marauder x2  
  129  11:32  Marine  
  133  11:34  Viking x2, Marauder, Marine  
  140  11:41  Marine x2  
  142  12:17  Marine x2  
  142  12:18  Marauder, Marine  
  142  12:19  Marauder x2  
Tags
 
Add a new tag
Caveats
  • Supply blocks, unpowered buildings, or Contaminate may cause inaccurate times.
  • Supply counts are checked every 10 seconds.